 Dungeon Crawl Stone Soup version 0.23.0 (webtiles) character file.

Game seed: 17734067561472990003

108 MisterOstroum the Skirmisher (level 4, -3/31 HPs)
             Began as a Gargoyle Fighter on Feb 15, 2019.
             Killed from afar by an orc wizard (7 damage)
             ... with a magic dart
             ... on level 3 of the Dungeon.
             The game lasted 00:26:54 (1914 turns).

MisterOstroum the Skirmisher (Gargoyle Fighter)     Turns: 1914, Time: 00:26:55

Health: -3/31      AC: 15    Str: 21    XL:     4   Next: 87%
Magic:  4/4        EV:  4    Int:  8    God:
Gold:   110        SH:  9    Dex:  9    Spells: 3/3 levels left

rFire    + + .     SeeInvis .   b - +0 flail (holy)
rCold    . . .     Gourm    .   c - +0 shield
rNeg     + . .     Faith    .   z - +0 plate armour
rPois    ∞         Spirit   .   (no helmet)
rElec    +         Reflect  .   (no cloak)
rCorr    .         Harm     .   (no gloves)
MR       .....                  (no boots)
Stlth    ..........             w - amulet of rage
HPRegen  0.10/turn              p - +2 ring of slaying
MPRegen  0.09/turn              (no ring)

@: about to teleport
A: claws 1, fire resistance 2, negative energy resistance 1, robust 1,
electricity resistance, unbreathing, petrification resistance, rot immunity, AC
+3
a: Evoke Berserk Rage


You were on level 3 of the Dungeon.
You were hungry.

You visited 1 branch of the dungeon, and saw 3 of its levels.

You collected 110 gold pieces.

Inventory:

Hand Weapons
 a - a +0 flail
 b - a +0 flail of holy wrath (weapon)
 k - a +0 mace
 l - a +0 whip
 m - a cursed -1 dagger
 s - a +0 hunting sling
 u - a +0 rapier of venom
 B - a +0 hand axe
Missiles
 e - 13 arrows
 t - 13 stones (quivered)
Armour
 c - a +0 shield (worn)
 h - a +0 buckler
 z - a +0 plate armour (worn)
Jewellery
 p - a +2 ring of slaying (left claw)
 w - an amulet of rage (around neck)
Scrolls
 n - a scroll of immolation {unknown}
 o - a scroll of noise {unknown}
 q - 2 scrolls of identify {unknown}
 r - 3 scrolls of remove curse {unknown}
 x - a scroll of blinking {unknown}
 y - a scroll of enchant armour {unknown}
Potions
 d - a potion of might
 g - a potion of curing
 j - 2 potions of brilliance {unknown}
 A - a potion of heal wounds {unknown}
Comestibles
 f - 7 rations
 C - 2 chunks of flesh


   Skills:
 * Level 4.2 Fighting
 * Level 3.2 Maces & Flails
 + Level 3.9 Armour
 + Level 3.8 Shields


You had 3 spell levels left.
You didn't know any spells.
Your spell library was empty.

Dungeon Overview and Level Annotations

Branches:
Dungeon (3/15)

Altars:


Innate Abilities, Weirdness & Mutations

You are resistant to torment.
Your stone body is resilient. (AC +3)
You are immune to poison.
You resist negative energy. (rN+)
You are resistant to electric shocks. (rElec)
You can survive without breathing.
You are immune to petrification.
You are immune to rotting.
You have sharp fingernails.
Your flesh is very heat resistant. (rF++)
You are robust. (+10% HP)


Message History

Something hits you but does no damage.
You hear some strange, mumbled words.
A puff of frost appears from out of thin air!
The puff of frost hits you.
* * * LOW HITPOINT WARNING * * *
A puff of flame appears from out of thin air!
The puff of flame hits you. You resist.
* * * LOW HITPOINT WARNING * * *
Found a buckler.
A puff of flame appears from out of thin air!
The puff of flame hits you but does no damage.
A kobold comes into view.
The kobold shouts!
A puff of frost appears from out of thin air!
You block the puff of frost.
The kobold moves out of view.
As you read the scroll labeled DIR OZUOGE XEN, it crumbles to dust.
You feel strangely unstable.
It was a scroll of teleportation.
A magic dart appears from out of thin air!
The magic dart hits you!
You die...

# ..........
.##.##........
.......[..... .
.....#......##.#
...............
##.............
...............
#(.@.......
#..########
#.........
#...≈...≈. . #
#.{....... ..
#.#.........
...##.#.........
##
..........≈...≈.
.
...##.#.........
.


There were no monsters in sight!

Vanquished Creatures
  An orc priest (D:2)
  An orc wizard (D:2)
  An ooze (D:1)
  A worm (D:3)
  2 dart slugs
  A leopard gecko (D:1)
  2 orcs (D:2)
  4 bats
  3 giant cockroaches (D:1)
  5 goblins
  8 hobgoblins
  3 frilled lizards (D:1)
  2 kobolds
  2 rats
36 creatures vanquished.

Notes
Turn   | Place    | Note
-------+----------+-------------------------------------------
     0 | D:1      | MisterOstroum the Gargoyle Fighter began the quest for the
                  | Orb.
     0 | D:1      | Reached XP level 1. HP: 14/14 MP: 1/1
    89 | D:1      | Reached XP level 2. HP: 18/19 MP: 2/2
   421 | D:1      | Reached XP level 3. HP: 21/24 MP: 3/3
  1762 | D:2      | Reached skill level 4 in Fighting
  1762 | D:2      | Reached XP level 4. HP: 27/29 MP: 4/4
  1900 | D:3      | Gained mutation: Your flesh is heat resistant. (rF+)
                  | [potion of mutation]
  1900 | D:3      | Gained mutation: You have sharp fingernails. [potion of
                  | mutation]
  1900 | D:3      | Gained mutation: You are robust. (+10% HP) [potion of
                  | mutation]
  1900 | D:3      | Gained mutation: Your flesh is very heat resistant. (rF++)
                  | [potion of mutation]
  1914 | D:3      | Killed from afar by an orc wizard

Skill      XL: |  1  2  3 |
---------------+----------+-----
Fighting       | 4 |  4.2
Maces & Flails | 3 |  3.2
Armour         | |  3.9
Shields        | |  3.8

Action                   |  1- 3 |  4- 6 || total
-------------------------+-------+-------++-------
Melee: Club              |    23 |       ||    23
       Flail             |   138 |    15 ||   153
  Use: Potion            |     1 |     3 ||     4
       Scroll            |       |     1 ||     1
  Eat: Chunk             |     3 |       ||     3
Armor: Scale mail        |    60 |       ||    60
       Plate armour      |    27 |    16 ||    43
Dodge: Dodged            |    49 |     4 ||    53
Block: Shield            |    80 |     7 ||    87
